 Dungeon Sprint DCSS version 0.31-a0-43-g46d131a48f (webtiles) character file.

Game seed: 980009969245460339

29416 sircluck the Wrestler (level 13, -1/144 HPs)
             Began as a Troll Berserker on May 18, 2023.
             Was a High Priest of Trog.
             Slain by the 27-headed Lernaean hydra (2 damage)
             ... in the Dungeon (Sprint II: "The Violet Keep of Menkaure") on May 19, 2023.
             The game lasted 00:16:30 (2785 turns).

sircluck the Wrestler (Troll Berserker)             Turns: 2785, Time: 00:16:32

Health: -1/144     AC: 20    Str: 32    XL:     13   Next: 15%
Magic:  12/12      EV:  6    Int:  1    God:    Trog [*****.]
Gold:   2579       SH:  8    Dex:  9    Spells: 12/12 levels left

rFire   + .          .
                       - Unarmed
rCold   + . .        p - +0 kite shield
rNeg    . . .        b - +0 gold dragon scales
rPois   +            (helmet restricted)
rElec   .            h - +0 cloak
rCorr   .            (gloves unavailable)
SInv    .            (boots unavailable)
Will    .....        E - amulet "Zip Kips" {Acrobat Rampage +Inv Regen+} Stlth
                     o - ring of flight
HPRegen 2.04/turn    (no ring)
MPRegen 0.13/turn

%: no teleportation, acrobat, rampage
@: flying, hasted, very quick
A: large, unfitting armour, claws 3, regeneration 1, shaggy fur 1, tough skin 1,
dopey 1, subdued magic 1
a: Renounce Religion, Evoke Invisibility, Berserk, Trog's Hand, Brothers in Arms


You were in the Dungeon.
You worshipped Trog.
Trog was extremely pleased with you.
You visited 1 branch You collected 3128 gold pieces.
You spent 549 gold pieces at shops.

Inventory:

Missiles
 l - 41 stones (quivered)
 t - 10 poisoned darts
 u - 10 boomerangs
Armour
 a - a +0 animal skin
 b - +0 gold dragon scales (worn)
 h - a +0 cloak (worn)
 i - a +1 robe of the Archmagi
 k - +0 fire dragon scales
 p - a +0 kite shield (worn)
Jewellery
 o - a ring of flight (left claw)
 s - an amulet of faith
 E - the amulet "Zip Kips" (around neck) {Acrobat Rampage +Inv Regen+}
   (You found it in the Dungeon)

   [amulet of the acrobat]

   It increases your evasion while moving and waiting.
   +Inv:      It lets you turn invisible.
   Regen:     It increases your rate of health regeneration.
   Rampage:   It bestows one free step when moving towards enemies.
 G - a +5 ring of evasion
 H - a ring of magical power
Wands
 j - a wand of iceblast (10)
 n - a wand of mindburst (19)
Scrolls
 c - 4 scrolls of enchant weapon {unknown}
 q - 4 scrolls of identify {unknown}
 w - a scroll of immolation {unknown}
 x - 2 scrolls of summoning {unknown}
 y - a scroll of magic mapping {unknown}
 z - 2 scrolls of vulnerability {unknown}
 B - a scroll of enchant armour {unknown}
 C - a scroll of fear {unknown}
 D - a scroll of brand weapon {unknown}
Potions
 e - 14 potions of magic
 f - 2 potions of berserk rage
 g - 15 potions of flight
 m - 2 potions of might {unknown}
 r - 4 potions of curing
 v - 3 potions of resistance {unknown}
 A - a potion of degeneration {unknown}
 F - 2 potions of attraction {unknown}
 I - a potion of experience {unknown}


   Skills:
 + Level 13.2 Fighting
 + Level 9.9 Armour
 + Level 12.6 Dodging
 + Level 2.2 Stealth
 + Level 5.4 Shields
 + Level 24.8 Unarmed Combat


You had 12 spell levels left.
You didn't know any spells.
Your spell library was empty.

Dungeon Overview and Level Annotations

Branches:
Dungeon (1/1)

Altars:
Cheibriados
Dithmenos
Elyvilon
Fedhas
Gozag
Hepliaklqana
Kikubaaqudgha
Makhleb
Nemelex Xobeh
Okawaru
Qazlal
Ru
Sif Muna
Trog
Uskayaw
Vehumet
Wu Jian
Xom
Yredelemnul
Zin
The Shining One
Jiyva
Lugonu

Shops:
D =!!:[:=[*[?!*(*!![?!=*(*:[=:(:

Annotations:
D Lernaean hydra, Roxanne


Innate Abilities, Weirdness & Mutations

You are too large for most types of armour.
You have claws for hands.
Your natural rate of healing is unusually fast.
You are covered in fur. (AC +1)
You have tough skin. (AC +1)
You are dopey. (Int -2)
Your spells are a little easier to cast, but a little less powerful.


Message History

The 27-headed Lernaean hydra bites you.
* * * LOW HITPOINT WARNING * * *
The 27-headed Lernaean hydra closely misses you.
Your troll barely misses the 27-headed Lernaean hydra.
Your troll claws the 27-headed Lernaean hydra.
Your troll claws the 27-headed Lernaean hydra!
Unknown command.
Unknown command.
Your troll bites the 27-headed Lernaean hydra.
Your troll claws the 27-headed Lernaean hydra!
Your troll claws the 27-headed Lernaean hydra!!
Your iron troll rages.
You feel yourself speed up. The 27-headed Lernaean hydra bites you.
* * * LOW HITPOINT WARNING * * *
You block the 27-headed Lernaean hydra's attack.
The 27-headed Lernaean hydra bites you.
* * * LOW HITPOINT WARNING * * *
You block the 27-headed Lernaean hydra's attack.
The 27-headed Lernaean hydra bites you but does no damage. x2
The 27-headed Lernaean hydra bites you!
* * * LOW HITPOINT WARNING * * *
The 27-headed Lernaean hydra bites you.
* * * LOW HITPOINT WARNING * * *
The 27-headed Lernaean hydra bites you but does no damage.
You block the 27-headed Lernaean hydra's attack.
The 27-headed Lernaean hydra barely misses you.
The 27-headed Lernaean hydra bites you.
* * * LOW HITPOINT WARNING * * *
The 27-headed Lernaean hydra bites you but does no damage.
The 27-headed Lernaean hydra bites you.
* * * LOW HITPOINT WARNING * * *
The 27-headed Lernaean hydra bites you.
* * * LOW HITPOINT WARNING * * *
The 27-headed Lernaean hydra bites you but does no damage.
The 27-headed Lernaean hydra bites you.
* * * LOW HITPOINT WARNING * * *
The 27-headed Lernaean hydra bites you.
* * * LOW HITPOINT WARNING * * *
The 27-headed Lernaean hydra bites you.
You die...

#).)##§≈○≈°###≈≈≈≈≈≈≈#
##'###≈≈§○○##≈≈≈≈≈≈≈≈≈
#...#+≈○≈≈○+≈§≈≈≈§§§≈≈
##+###≈°.≈○##≈§≈≈≈≈≈≈≈
#$.?##≈°○.°###§§≈≈≈≈§#
##'###≈○§°°#∩####'####
#..T###○≈°##^...#####.
#.∩TD###≈##∩.....^.+.°
#...#@.###########.##○
######).[|..[.:.|#^.##
#######)#####...#
§.....^^).....^.+
#################


You could see the 27-headed Lernaean hydra (ally target), a friendly iron troll
(summoned, berserk) and a friendly troll (summoned, berserk).

Vanquished Creatures
  A bone dragon (D)
  A kraken (D)
  2 sphinxes (D)
  A frost giant (D)
  A cacodemon (D)
  A crystal guardian (D)
  A great orb of eyes (D)
  A yaktaur captain (D)
  A centaur warrior (D)
  An iron elemental (D)
  2 boulder beetles (D)
  A deep troll (D)
  A death drake (D)
  A slime creature (D)
  An obsidian statue (D)
  An oklob plant (D)
  A toenail golem (D)
  An elephant (D)
  A yaktaur (D)
  2 unseen horrors (D)
  A kobold demonologist (D)
  A hornet (D)
  5 polar bears (D)
  12 flying skulls (D)
  5 wyverns (D)
  A redback (D)
  4 neqoxecs (D)
  2 swamp drakes (D)
  8 water moccasins (D)
  3 black bears (D)
  5 necrophages (D)
  4 scorpions (D)
  9 electric eels (D)
  An iron imp (D)
  4 orc priests (D)
  A hell rat (D)
  3 tentacles (D)
92 creatures vanquished.

Vanquished Creatures (collateral kills)
  A golden dragon (D)
  Nikola (D)
  A storm dragon (D)
  A fire dragon (D)
  A deep elf high priest (D)
  A skeletal warrior (D)
  A death drake (D)
  A deep troll (D)
  A toenail golem (D)
  A redback (D)
10 creatures vanquished.

Vanquished Creatures (others)
  Kirke (D)
  Menkaure (D)
  3 tentacles (D)
5 creatures vanquished.

Grand Total: 107 creatures vanquished

Notes
Turn   | Place    | Note
-------+----------+-------------------------------------------
     0 | D        | sircluck the Troll Berserker began the quest for the Orb.
     0 | D        | Reached XP level 1. HP: 22/22 MP: 0/0
     1 | D        | Noticed a boulder beetle
     1 | D        | Noticed a boulder beetle
     5 | D        | Noticed a neqoxec
     8 | D        | Noticed a neqoxec
    14 | D        | Killed a neqoxec
    15 | D        | Reached skill level 5 in Fighting
    15 | D        | Reached skill level 5 in Dodging
    15 | D        | Reached skill level 6 in Unarmed Combat
    15 | D        | Reached XP level 2. HP: 21/35 MP: 1/1
    15 | D        | Reached XP level 3. HP: 25/42 MP: 2/2
    15 | D        | Reached XP level 4. HP: 30/50 MP: 3/3
    21 | D        | Killed a neqoxec
    21 | D        | Noticed a neqoxec
    22 | D        | Reached skill level 7 in Unarmed Combat
    22 | D        | Reached XP level 5. HP: 40/59 MP: 4/4
    23 | D        | Killed a neqoxec
    23 | D        | Reached ** piety under Trog
    24 | D        | Reached skill level 9 in Unarmed Combat
    24 | D        | Reached XP level 6. HP: 49/71 MP: 5/5
    24 | D        | Noticed a neqoxec
    31 | D        | Gained mutation: You are dopey. (Int -2) [a neqoxec]
    34 | D        | Killed a neqoxec
    81 | D        | Reached skill level 10 in Unarmed Combat
    81 | D        | Reached XP level 7. HP: 58/79 MP: 6/6
    82 | D        | Reached *** piety under Trog
   110 | D        | Reached skill level 11 in Unarmed Combat
   111 | D        | Reached **** piety under Trog
   192 | D        | Killed a boulder beetle
   193 | D        | Reached skill level 12 in Unarmed Combat
   193 | D        | Reached XP level 8. HP: 92/92 MP: 7/7
   200 | D        | Killed a boulder beetle
   200 | D        | Reached ***** piety under Trog
   201 | D        | Reached skill level 10 in Fighting
   201 | D        | Reached skill level 13 in Unarmed Combat
   201 | D        | Reached XP level 9. HP: 101/101 MP: 8/8
   218 | D        | Found Ysmuvivu's General Store.
   218 | D        | Found Wapydut's Book Emporium.
   218 | D        | Found Ryfiah Molef's Antique Weapon Shoppe.
   218 | D        | Found Zurejuj's Jewellery Shoppe.
   218 | D        | Found Woteq's Assorted Antiques.
   219 | D        | Found Xagiumpa's Antique Armour Shoppe.
   219 | D        | Found Mapsoh's Distillery.
   220 | D        | Found Zoob's General Store.
   220 | D        | Found Biqafien's Magic Scroll Emporium.
   220 | D        | Found Atuolec's Antique Weapon Emporium.
   220 | D        | Found Owottic's Distillery.
   220 | D        | Noticed a polar bear
   235 | D        | Noticed Roxanne
   248 | D        | Noticed Menkaure
   250 | D        | Killed Menkaure
   254 | D        | Found a snail-covered altar of Cheibriados.
   255 | D        | Found a hazy altar of Hepliaklqana.
   283 | D        | Received a gift from Trog
   300 | D        | Reached skill level 14 in Unarmed Combat
   343 | D        | Found Lessorphy's Antique Armour Shoppe.
   343 | D        | Found Fyifos's Jewellery Emporium.
   343 | D        | Noticed an oklob plant
   344 | D        | Found Peadov's Distillery.
   344 | D        | Found Saogits's Book Shoppe.
   344 | D        | Noticed a polar bear
   386 | D        | Bought a cloak for 108 gold pieces
   386 | D        | Bought a runed robe for 88 gold pieces
   478 | D        | Noticed an elephant
   478 | D        | Noticed a centaur warrior
   478 | D        | Noticed Kirke
   478 | D        | Noticed a skeletal warrior
   478 | D        | Noticed a yaktaur captain
   478 | D        | Noticed a kobold demonologist
   482 | D        | Killed a kobold demonologist
   486 | D        | Killed Kirke
   487 | D        | Reached skill level 10 in Dodging
   487 | D        | Reached skill level 15 in Unarmed Combat
   490 | D        | HP: 5/102 [skeletal warrior/+0 halberd (29)]
   516 | D        | Killed an elephant
   523 | D        | Killed a centaur warrior
   524 | D        | Reached skill level 16 in Unarmed Combat
   524 | D        | Reached XP level 10. HP: 39/113 MP: 9/9
   525 | D        | Killed a yaktaur captain
   542 | D        | Killed a skeletal warrior
   543 | D        | Reached skill level 17 in Unarmed Combat
   608 | D        | Noticed a fire dragon
   608 | D        | Noticed an iron elemental
   698 | D        | Killed a fire dragon
   699 | D        | Reached skill level 18 in Unarmed Combat
   705 | D        | Killed an iron elemental
   706 | D        | Reached skill level 1 in Stealth
   723 | D        | Identified the +0 ring mail of Bedevilment {rPois rF+
                  | Int+3}
   740 | D        | Found Firas Reff's Jewellery Emporium.
   740 | D        | Found Pouliw's Antique Armour Shop.
   740 | D        | Found Wikhlimass's Distillery.
   740 | D        | Found Aherchue's Book Shoppe.
   740 | D        | Found Wigukkytz's Magic Scroll Boutique.
   770 | D        | Found Hacvi's Antique Armour Shoppe.
   770 | D        | Found Gehumyomn's General Store.
   770 | D        | Found Lelumaok's Distillery.
   770 | D        | Found Lueck's Book Shop.
   770 | D        | Found Niexykaf's Distillery.
   770 | D        | Found Hiseuf's Jewellery Shop.
   770 | D        | Found Tishysal's Antique Armour Shoppe.
   779 | D        | Bought a ring of flight for 227 gold pieces
   784 | D        | Bought a kite shield for 126 gold pieces
   810 | D        | Noticed a storm dragon
   810 | D        | Noticed a golden dragon
   810 | D        | Noticed a cacodemon
   811 | D        | Noticed a bone dragon
   823 | D        | Gained mutation: Your spells are a little easier to cast,
                  | but a little less powerful. [a cacodemon]
   828 | D        | Killed a cacodemon
   829 | D        | Reached skill level 19 in Unarmed Combat
   829 | D        | Reached XP level 11. HP: 123/123 MP: 10/10
   834 | D        | Killed a golden dragon
   835 | D        | Reached skill level 20 in Unarmed Combat
   835 | D        | Noticed a deep elf high priest
   839 | D        | Killed a storm dragon
   840 | D        | Reached skill level 1 in Armour
   844 | D        | Killed a deep elf high priest
   859 | D        | Noticed a frost giant
   870 | D        | Killed a frost giant
   871 | D        | Reached skill level 21 in Unarmed Combat
   968 | D        | HP: 5/124 [bone dragon (8)]
   969 | D        | Killed a bone dragon
   970 | D        | Reached skill level 1 in Shields
  1161 | D        | Found a shadowy altar of Dithmenos.
  1161 | D        | Found a viscous altar of Jiyva.
  1161 | D        | Found a stormy altar of Qazlal.
  1162 | D        | Found a white marble altar of Elyvilon.
  1162 | D        | Found an ancient bone altar of Kikubaaqudgha.
  1162 | D        | Found a sacrificial altar of Ru.
  1165 | D        | Found a blossoming altar of Fedhas.
  1165 | D        | Found a corrupted altar of Lugonu.
  1165 | D        | Found a shimmering blue altar of Sif Muna.
  1166 | D        | Found an opulent altar of Gozag.
  1166 | D        | Found a burning altar of Makhleb.
  1166 | D        | Found a bloodstained altar of Trog.
  1167 | D        | Found a sparkling altar of Nemelex Xobeh.
  1167 | D        | Found a hide-covered altar of Uskayaw.
  1167 | D        | Found a basalt altar of Yredelemnul.
  1169 | D        | Found an iron altar of Okawaru.
  1169 | D        | Found a radiant altar of Vehumet.
  1169 | D        | Found a glowing silver altar of Zin.
  1176 | D        | Received a gift from Trog
  1186 | D        | Reached skill level 22 in Unarmed Combat
  1238 | D        | Noticed a death drake
  1239 | D        | Noticed a crystal guardian
  1240 | D        | Noticed a death drake
  1248 | D        | Killed a death drake
  1249 | D        | Reached XP level 12. HP: 125/133 MP: 11/11
  1252 | D        | Killed a crystal guardian
  1436 | D        | Reached skill level 5 in Armour
  1448 | D        | Noticed a deep elf master archer
  1451 | D        | Noticed a great orb of eyes
  1456 | D        | Killed a great orb of eyes
  1494 | D        | Noticed a kraken
  1510 | D        | Killed a kraken
  1511 | D        | Reached skill level 23 in Unarmed Combat
  1710 | D        | Received a gift from Trog
  1711 | D        | Found a shimmering altar of Xom.
  1712 | D        | Found a glowing golden altar of the Shining One.
  1712 | D        | Found an ornate altar of the Wu Jian Council.
  1819 | D        | Noticed a sphinx
  1819 | D        | Noticed a sphinx
  1824 | D        | Killed a sphinx
  1826 | D        | Killed a sphinx
  2017 | D        | Identified the amulet "Zip Kips" {Acrobat Rampage +Inv
                  | Regen+}
  2239 | D        | Received a gift from Trog
  2400 | D        | Found Ikhum's Antique Weapon Boutique.
  2423 | D        | Reached ****** piety under Trog
  2432 | D        | Reached skill level 24 in Unarmed Combat
  2472 | D        | Noticed the 27-headed Lernaean hydra
  2487 | D        | Received a gift from Trog
  2517 | D        | Received a gift from Trog
  2518 | D        | Reached XP level 13. HP: 144/144 MP: 12/12
  2535 | D        | Noticed Nikola
  2541 | D        | Killed Nikola
  2542 | D        | Reached skill level 5 in Shields
  2691 | D        | Found Osymiuf's Book Shoppe.
  2723 | D        | Identified the +6 quarterstaff of Launn {distort, Fragile
                  | rElec Int+2 Stlth+}
  2735 | D        | Identified the +12 bardiche of Xock {flame, rC+} (Trog
                  | gifted it to you in the Dungeon)
  2735 | D        | Received a gift from Trog
  2739 | D        | Identified the +1 scale mail "Xanoly Kesi" {SInv}
  2750 | D        | Identified the staff of fire "Ileybaxy" {rF+ Int+2 SInv}
  2756 | D        | Found Ceqos's Assorted Antiques.
  2785 | D        | HP: 5/144 [the 27-headed Lernaean hydra (3)]
  2785 | D        | HP: 2/144 [the 27-headed Lernaean hydra (3)]
  2785 | D        | Slain by the 27-headed Lernaean hydra

Illustrated notes

Levels and vault maps discovered:
D:        the_violet_keep_of_menkaure [sprint2_stairs_cluster_1,
          sprint2_shoproom, sprint2_temple, sprint2_basic_supplies,
          sprint2_obstacle_7, sprint2_obstacle_3, sprint2_obstacle_6,
          sprint2_obstacle_1, sprint2_obstacle_4, sprint2_timed_cluster_1,
          sprint2_smallroom_cluster_1, sprint2_smallroom_final_cluster_1,
          sprint2_transparent_cluster_1, sprint2_second_timed_cluster_1,
          sprint2_sniper_area_1, sprint2_heavy_combat_area_1,
          sprint2_mutation_trap_area_1, sprint2_forest_area_1,
          sprint2_light_combat_area_1, sprint2_behind_water_1,
          sprint2_near_end_vault_1]

Skill      XL: |  1  2  3  4  5  6  7  8  9 10 11 12 13 |
---------------+----------------------------------------+-----
Fighting       | 5 6 7 9 10 11 12 13 | 13.2
Dodging        | 5 6 7 9 10 11 12 | 12.6
Unarmed Combat | 6 7 9 10 12 13 16 19 22 24 | 24.8
Stealth        | 1 2 |  2.2
Armour         | 3 9 |  9.9
Shields        | 1 4 5 |  5.4

Action                     |  1- 3 |  4- 6 |  7- 9 | 10-12 | 13-15 || total
---------------------------+-------+-------+-------+-------+-------++-------
  Melee: Unarmed           |     5 |    21 |    67 |   197 |    16 ||   306
         Punch             |       |     3 |     5 |     5 |       ||    13
 Invoke: Berserk           |     1 |       |     1 |     3 |       ||     5
         Brothers in Arms  |       |       |     2 |     7 |     3 ||    12
         Trog's Hand       |       |       |       |     1 |       ||     1
    Use: Potion            |       |       |     1 |     2 |     1 ||     4
         Scroll            |       |       |     1 |       |       ||     1
 Armour: Animal skin       |       |     4 |     6 |       |       ||    10
         Robe              |       |       |     8 |     6 |       ||    14
         Fire dragon scale |       |       |       |    13 |       ||    13
         Gold dragon scale |       |       |       |    62 |    39 ||   101
  Dodge: Dodged            |       |    12 |    22 |    56 |    19 ||   109
  Block: Kite shield       |       |       |       |    48 |    18 ||    66

Table legend: (Time is in decaauts)
 A = Elapsed time spent in this place.
 B = Non-inter-level travel time spent in this place.
 C = Inter-level travel time spent in this place.
 D = Time resting spent in this place.
 E = Time spent auto-exploring this place.
 F = Levels seen in this place.
 G = Mean time per level.
                   A        B        C        D        E       F      G
               +--------+--------+--------+--------+--------+-----+--------+
         Total |   2774 |   2744 |     30 |    983 |     97 |   1 | 2774.0 |
       Dungeon |   2774 |   2744 |     30 |    983 |     97 |   1 | 2774.0 |
               +--------+--------+--------+--------+--------+-----+--------+

Top non-repeatable levels by time:
       D: 2774 daAuts
